[Event "Marmaris Karya-14 IM 2022"]
[Site "Icmeler-Marmaris"]
[Date "2022.02.04"]
[Round "8.3"]
[White "Ahmad, Al Khatib"]
[Black "Ozsakallioglu, Okan"]
[Result "0-1"]
[ECO "B48"]
[WhiteElo "2218"]
[BlackElo "2179"]
[Annotator "RC"]
[PlyCount "54"]
[EventDate "2022.02.01"]
[EventType "schev"]
[EventCountry "TUR"]
[SourceTitle "playchess.com"]
[Source "ChessBase"]
[SourceQuality "1"]
[TimeControl "5400+30"]

1. e4 c5 2. Nf3 e6 3. d4 cxd4 4. Nxd4 Nf6 5. Nc3 Nc6 6. a3 Qc7 7. Be3 a6 8. f4 d6 9. Bd3 Nxd4 10. Bxd4 e5 11. Be3 exf4 12. Bxf4 Be6 13. O-O Be7 14. Kh1 O-O 15. Nd5 Bxd5 16. exd5 Nd7 17. Rf3 g6 18. Qd2 Rfe8 19. Raf1 Bf8 20. c4 Bg7 21. b4 b6 22. Qf2 f5 23. Rh3 Ne5 24. Bb1 Qxc4 25. Rc1 Ng4 26. Qh4 Qxf4 27. Qxh7+ Kf8 0-1